 Dungeon Crawl Stone Soup version 0.15.0-14-g6bbbb5c (console) character file.

5250 gw the Cleaver (level 10, -1/91 HPs)
             Began as a Deep Dwarf Fighter on Sept 4, 2014.
             Was a Believer of Makhleb.
             Succumbed to a deep elf mage's bolt of poison
             ... on Level 10 of the Dungeon.
             The game lasted 00:07:16 (8630 turns).

gw the Cleaver (Deep Dwarf Fighter)                 Turns: 8630, Time: 00:07:16

HP  -1/91        AC 13     Str 21      XL: 10   Next: 36%
MP   9/9         EV  6     Int  5 (8)  God: Makhleb [**....]
Gold 0           SH  0     Dex 15      Spells:  0 memorised,  9 levels left

rFire  . . .     SeeInvis .     k - +1 battleaxe (drain)
rCold  . . .     Clarity  .     o - +3 plate armour
rNeg   . . .     rCorr    .     (no shield)
rPois  .         rRot     .     m - +1 hat {MR+}
rElec  .         Spirit   .     (no cloak)
SustAb .         Warding  .     j - +0 pair of gloves
rMut   .         Stasis   .     (no boots)
Gourm  .                        (no amulet)
MR     ++...                    (no ring)
                                (no ring)

@: lethally poisoned, weakened, non-regenerating, very resistant to hostile
enchantments, extremely unstealthy
A: damage resistance, recharge devices, deformed body, sense surroundings 2,
slow healing 3
a: Device Recharging, Minor Destruction, Renounce Religion


You were on level 10 of the Dungeon.
You worshipped Makhleb.
Makhleb was pleased with you.
You were not hungry.

You visited 1 branch of the dungeon, and saw 10 of its levels.

Inventory:

Hand weapons
 k - a +1 battleaxe of draining (weapon)
Missiles
 c - 233 stones
 l - 2 tomahawks (quivered)
Armour
 j - a +0 pair of gloves (worn)
 m - a +1 hat of magic resistance (worn)
 o - a +3 plate armour (worn)
Magical devices
 a - a wand of disintegration (12)
 d - a wand of heal wounds (0)
 e - a wand of digging (2)
 p - a wand of enslavement (8)
 q - a wand of magic darts (5)
 s - a wand of teleportation (1)
 v - a wand of slowing (5) {unknown}
Comestibles
 b - a slice of pizza
 f - 9 bread rations
 g - 6 meat rations
 h - 11 beef jerkies
 t - 2 chunks of orc flesh
 u - 3 fruits
Scrolls
 i - 12 scrolls of identify
 n - 3 scrolls of remove curse
 r - a scroll of enchant armour


   Skills:
 + Level 6.2 Fighting
 * Level 10.4 Axes
 + Level 5.6 Throwing
 + Level 7.6 Armour
   Level 3.2 Shields
 + Level 7.4 Invocations


You had 9 spell levels left.
You didn't know any spells.

Dungeon Overview and Level Annotations

Branches:
Dungeon (10/15)            Temple (0/1) D:4            Lair (0/8) D:8
    Orc: D:9-12

Altars:
Elyvilon
Kikubaaqudgha
Makhleb
Nemelex Xobeh
Qazlal
Vehumet
Xom
Yredelemnul
Zin
The Shining One

Shops:
D:5 %

Annotations:
D:9 Blork the orc
D:10 Psyche


Innate Abilities, Weirdness & Mutations

You are resistant to damage.
You can recharge devices by infusing magical energy.
You passively map the area around you.
You do not heal naturally.
Armour fits poorly on your strangely shaped body.


Message History

Psyche glows brightly for a moment.
MOVING TO (-6,1)
You feel very sick.
Psyche gestures wildly while chanting.
Psyche seems to speed up.
The deep elf mage gestures at you while chanting.
The bolt of poison hits you!
You are lethally poisoned!
The jackal bites you but does no damage.
A crimson imp comes into view.
MOVING TO (-5,1)
You feel very sick.
The crimson imp shouts!
Psyche points at you and mumbles some strange words.
The puff of frost hits you!
The deep elf mage gestures at you while chanting.
The orb of energy misses the jackal.
The orb of energy misses you.
The orb of energy explodes!
The mystic blast hits Psyche.
MOVING TO (-4,1)
You die...

~#.........#~~ ~~~~~~~~ ~
##.).......###############
...........................
............................ ,,
.............5...............
(!.....................e.....
..[..............Y.@.......$.
..............................
......?.....>...g.h.h.........,
..............................
, ..........$.........(........
.............................
........ .................... ,
##.o..... .#################*
~#@....... #~~~~~~~~~~~~~~~ ~
~#..o...... ~~~~~~~~~~~~~~
~#......... ~~~~~~~~ ~ ~


You could see Psyche, an ice beast, a deep elf mage, a crimson imp and 2
jackals.

Table legend:
 A = Turns spent in this place as a percentage of turns spent in the entire game.
 B = Non-inter-level travel turns spent in this place as a percentage of non-inter-level travel turns spent in the entire game.
 C = Inter-level travel turns spent in this place as a percentage of turns spent in this place.
 D = Turns resting spent in this place as a percentage of non-inter-level travel turns spent in this place.
 E = Turns spent auto-exploring this place as a percentage of non-inter-level travel turns spent in this place.
 F = Non-inter-level travel turns spent in this place divided by the number of levels of this place that you've seen.
                   A       B       C       D       E      F
               +-------+-------+-------+-------+-------+----------------------
         Total | 100.0 | 100.0 |   1.6 |   0.1 |  13.2 | 351.2
       Dungeon | 100.0 | 100.0 |   1.6 |   0.1 |  13.2 | 351.2
               +-------+-------+-------+-------+-------+----------------------

Table legend:
 A = Kills in this place as a percentage of kills in entire the game.
 B = Kills by you in this place as a percentage of kills by you in the entire game.
 C = Kills by friends in this place as a percentage of kills by friends in the entire game.
 D = Other kills in this place as a percentage of other kills in the entire game.
 E = Experience gained in this place as a percentage of experience gained in the entire game.
 F = Experience gained in this place divided by the number of levels of this place that you have seen.
                   A       B       C       D       E      F
               +-------+-------+-------+-------+-------+----------------------
         Total | 100.0 | 100.0 | 100.0 | 100.0 | 100.0 | 750.0
       Dungeon | 100.0 | 100.0 | 100.0 | 100.0 | 100.0 | 750.0
               +-------+-------+-------+-------+-------+----------------------

Vanquished Creatures
  A hellwing (D:6)
  A wyvern (D:8)
  A ynoxinul (D:6)
  A neqoxec (D:9)
  A hungry ghost (D:9)
  2 sky beasts
  4 orc warriors
  4 ogres
  2 ice beasts (D:5)
  3 phantoms
  Duvessa (D:9)
  3 centaurs
  4 giant frogs
  A scorpion (D:4)
  2 killer bees
  7 wights
  A goliath beetle (D:9)
  Dowan (D:9)
  2 crimson imps (D:5)
  A gnoll shaman (D:7)
  4 jellies
  3 iguanas
  A quasit (D:7)
  5 hounds
  4 orc priests
  A centaur skeleton (D:7)
  9 worker ants
  14 orc wizards
  A mummy (D:4)
  7 gnolls
  11 adders
  A gnoll zombie (D:7)
  An inept feature mimic (D:5)
  2 giant mites
  A goliath beetle zombie (D:6)
  3 shadow imps
  3 worms (D:2)
  An ufetubus (D:9)
  An orc zombie (D:5)
  An iguana skeleton (D:9)
  4 giant geckos
  4 oozes
  39 orcs
  4 giant cockroaches
  11 goblins
  12 hobgoblins
  16 kobolds
  3 quokkas
  13 bats
  6 giant newts
  A giant spore (D:9)
  3 hobgoblin zombies
  21 jackals
  A kobold skeleton (D:5)
  2 kobold zombies (D:4)
  17 rats
274 creatures vanquished.

Vanquished Creatures (collateral kills)
  3 smoke demons
  3 orange demons
  A komodo dragon (D:8)
  A hippogriff (D:10)
  2 water moccasins
  2 orc warriors (D:6)
  2 ice beasts (D:9)
  A big kobold (D:10)
  8 killer bees
  A hippogriff skeleton (D:10)
  A jelly (D:8)
  A quasit (D:6)
  An orc priest (D:10)
  An orc wizard (D:10)
  A worker ant (D:6)
  A sky beast zombie (D:6)
  2 adders (D:6)
  2 orc skeletons (D:10)
  An ufetubus (D:6)
  3 orcs (D:10)
  2 hobgoblins
  A jackal (D:8)
  3 kobolds (D:10)
  A rat (D:7)
45 creatures vanquished.

Vanquished Creatures (others)
  A ynoxinul (D:7)
  An orc wizard (D:6)
  8 ufetubi
  A plant (D:8)
11 creatures vanquished.

Grand Total: 330 creatures vanquished

Notes
Turn   | Place    | Note
--------------------------------------------------------------
     0 | D:1      | gw, the Deep Dwarf Fighter, began the quest for the Orb.
     0 | D:1      | Reached XP level 1. HP: 20/20 MP: 1/1
   129 | D:1      | Reached XP level 2. HP: 17/27 MP: 2/2
   598 | D:2      | Reached skill level 1 in Throwing
   598 | D:2      | Reached XP level 3. HP: 14/34 MP: 3/3
  1011 | D:2      | Reached XP level 4. HP: 22/42 MP: 4/4
  1424 | D:3      | Found a burning altar of Makhleb.
  1430 | D:3      | Found a glowing silver altar of Zin.
  1430 | D:3      | Noticed an angel
  1430 | D:3      | Noticed a balrug
  1451 | D:3      | Became a worshipper of Makhleb the Destroyer
  1635 | D:3      | Reached skill level 4 in Armour
  1855 | D:3      | Acquired Makhleb's first power
  2155 | D:4      | Reached skill level 1 in Invocations
  2155 | D:4      | Reached XP level 5. HP: 44/49 MP: 5/5
  2206 | D:4      | Found a staircase to the Ecumenical Temple.
  2394 | D:4      | Reached XP level 6. HP: 41/56 MP: 7/7
  2435 | D:4      | Acquired Makhleb's second power
  2453 | D:4      | Got a bloodstained scale mail
  2466 | D:4      | Identified the +5 scale mail of Insecurity {Str+1 Dex+2} (You found it on level 4 of the Dungeon)
  2540 | D:4      | Noticed an ogre
  2551 | D:4      | Killed an ogre
  2551 | D:4      | Reached skill level 5 in Axes
  2656 | D:4      | Found a sparkling altar of Nemelex Xobeh.
  2747 | D:4      | Found a basalt altar of Yredelemnul.
  2813 | D:5      | Entered Level 5 of the Dungeon
  2813 | D:5      | Found Fyhiynac's Food Boutique.
  2892 | D:5      | Reached XP level 7. HP: 36/63 MP: 9/9
  3126 | D:5      | Reached skill level 5 in Armour
  3187 | D:4      | Reached skill level 6 in Axes
  3623 | D:5      | Reached XP level 8. HP: 37/72 MP: 12/12
  3642 | D:5      | Acquired Makhleb's third power
  3690 | D:5      | Reached skill level 7 in Axes
  3816 | D:5      | Found a white marble altar of Elyvilon.
  4452 | D:6      | Noticed a smoke demon
  4464 | D:6      | Killed a smoke demon
  4694 | D:6      | Found a shimmering altar of Xom.
  4711 | D:6      | Reached skill level 5 in Fighting
  4729 | D:6      | Reached skill level 5 in Invocations
  5083 | D:6      | Reached skill level 8 in Axes
  5162 | D:6      | Gained mutation: You passively map the area around you. [level up]
  5162 | D:6      | Reached XP level 9. HP: 56/81 MP: 12/12
  5586 | D:7      | Acquired Makhleb's fourth power
  5828 | D:7      | Found a white marble altar of Elyvilon.
  5972 | D:7      | Reached skill level 9 in Axes
  6691 | D:8      | Reached skill level 5 in Throwing
  6789 | D:8      | Noticed a komodo dragon
  6816 | D:8      | Noticed a smoke demon
  6819 | D:8      | Killed a komodo dragon
  6819 | D:8      | Killed a smoke demon
  6824 | D:8      | Found a staircase to the Lair.
  7214 | D:8      | Found an ancient bone altar of Kikubaaqudgha.
  7214 | D:8      | Found a radiant altar of Vehumet.
  7215 | D:8      | Found a stormy altar of Qazlal.
  7385 | D:9      | Reached XP level 10. HP: 58/91 MP: 11/11
  7461 | D:9      | Noticed Dowan
  7462 | D:9      | Noticed Duvessa
  7481 | D:9      | Killed Duvessa
  7500 | D:9      | Killed Dowan
  7625 | D:9      | Found a glowing golden altar of the Shining One.
  7644 | D:9      | Gained mutation: Armour fits poorly on your strangely shaped body. [a neqoxec]
  8040 | D:9      | Reached skill level 10 in Axes
  8344 | D:9      | Noticed Blork the orc
  8351 | D:9      | Found a glowing silver altar of Zin.
  8407 | D:10     | Entered Level 10 of the Dungeon
  8409 | D:10     | Noticed Psyche
  8618 | D:10     | Noticed a hill giant
  8629 | D:10     | HP: 2/91 [Psyche/puff of frost (8)]
  8630 | D:10     | Succumbed to a deep elf mage's bolt of poison

Action                   |  1- 3 |  4- 6 |  7- 9 | 10-12 || total
-------------------------+-------+-------+-------+-------++-------
Melee: War axe           |    94 |   157 |   208 |       ||   459
       Battleaxe         |       |       |   220 |   124 ||   344
Throw: Stone             |    92 |    46 |    95 |   114 ||   347
       Tomahawk          |       |    37 |   103 |    27 ||   167
Invok: Minor Destruction |       |       |    51 |    30 ||    81
       Lesser Servant of |       |       |    34 |    14 ||    48
       Major Destruction |       |       |     2 |       ||     2
 Abil: Device Recharging |       |       |     9 |     3 ||    12
Evoke: Wand              |     1 |     3 |    34 |    17 ||    55
  Use: Scroll            |     4 |     7 |     8 |     1 ||    20
       Potion            |     1 |     8 |       |     1 ||    10
 Stab: Distracted        |       |       |     2 |     1 ||     3
  Eat: Chunk             |       |     6 |    20 |     7 ||    33

Vault maps used:
D:1:      dpeg_arrival_long_road
D:2:      first_bread, minmay_fountain_box
D:3:      grunt_temple_overflow_order_and_chaos_2, bh_chokoban, minmay_unequal
D:4:      lemuel_doored_altar, old_standard_altar,
          minmay_temple_entry_water_ring, minmay_mini_ossuary
D:5:      lemuel_round_altar, serial_shops, shop, st_stairs_10
D:6:      old_standard_altar, mrwooster_statue_mirror, minmay_three_doors
D:7:      basic_altar, grunt_ogre_cave
D:8:      gammafunk_temple_overflow_claw, david_lair_shrubbed,
          grunt_ministairs_3
D:9:      lemuel_upstairs_altar, basic_altar, uniq_blork_the_orc, uniq_edmund,
          uniq_duvessa
D:10:     uniq_sonja, uniq_psyche
